 Dungeon Crawl Stone Soup version 0.21.1-1-g345015f (webtiles) character file.

1520 Iko the Cudgeler (level 8, -3/78 HPs)
             Began as a Troll Fighter on June 17, 2018.
             Was a Follower of Nemelex Xobeh.
             Slain by a two-headed ogre
             ... wielding a +0 giant spiked club
              (15 damage)
             ... on level 8 of the Dungeon.
             The game lasted 00:19:47 (1737 turns).

Iko the Cudgeler (Troll Fighter)                    Turns: 1737, Time: 00:19:47

Health: -3/78      AC: 12    Str: 27    XL:     8   Next: 54%
Magic:  7/7        EV:  9    Int:  6    God:    Nemelex Xobeh [*.....]
Gold:   185        SH:  0    Dex:  9    Spells: 7/7 levels left

rFire    + . .     SeeInvis .   k - +0 flail (protect)
rCold    . . .     Gourm    +   (no shield)
rNeg     . . .     Faith    .   a - +0 robe
rPois    .         Spirit   .   (helmet restricted)
rElec    .         Reflect  .   (no cloak)
rCorr    .         Harm     .   (gloves unavailable)
MR       .....                  (boots unavailable)
Stlth    +.........             (no amulet)
HPRegen  0.63/turn              e - -2 ring of evasion
MPRegen  0.10/turn              (no ring)

@: lethally poisoned (-3 -> -3), protection aura
A: large, unfitting armour, claws 3, fangs 1, talons 1, fire resistance 1, fast
metabolism 3, gourmand, regeneration 1, shaggy fur 1, strong 1, tough skin 2
a: Renounce Religion


You were on level 8 of the Dungeon.
You worshipped Nemelex Xobeh.
Nemelex Xobeh was aware of your devotion.
You were hungry.

You visited 1 branch of the dungeon, and saw 8 of its levels.

You collected 185 gold pieces.

Inventory:

Hand Weapons
 g - a +1 shortbow of velocity
 k - a +0 flail of protection (weapon)
Missiles
 f - 2 tomahawks (quivered)
 h - 34 arrows
Armour
 a - a +0 robe (worn)
Jewellery
 e - a -2 ring of evasion (left claw)
Potions
 c - 2 potions of brilliance
Miscellaneous
 b - a plain deck of destruction {drawn: 7}
Comestibles
 d - 3 rations


   Skills:
 + Level 4.0 Fighting
 + Level 5.3 Maces & Flails
 + Level 0.4 Bows
 + Level 0.5 Throwing
 + Level 5.3 Dodging
 + Level 1.0 Stealth
   Level 4.3 Shields
 + Level 2.1 Unarmed Combat
 + Level 1.1 Invocations


You had 7 spell levels left.
You didn't know any spells.

Dungeon Overview and Level Annotations

Branches:
Dungeon (8/15)
 Temple: D:4-7         Lair: D:8-11

Altars:
Ashenzari
Nemelex Xobeh
Xom

Shops:
D:6 (:[*   D:7 =


Innate Abilities, Weirdness & Mutations

You are too large for most types of armour.
You have claws for hands.
Your metabolism is lightning-fast.
You like to eat raw meat.
Your natural rate of healing is unusually fast.
You are covered in fur. (AC +1)
You have very tough skin. (AC +2)
You have very sharp teeth.
You have sharp toenails.
Your flesh is heat resistant. (rF+)
Your muscles are strong. (Str +2)


Message History

Your weapon exudes an aura of protection.
You feel sick.
The two-headed ogre hits you with a giant spiked club!
The two-headed ogre hits you with a giant club!
* * * LOW HITPOINT WARNING * * *
You draw a card...
It is the Orb.
You have drawn the Orb.
Press: ? - help, Shift-Dir - straight line, f/p - two-headed ogre
Aim: a two-headed ogre, wielding a giant spiked club and a giant club The orb of energy hits the two-headed ogre.
The two-headed ogre is lightly wounded.
The two-headed ogre hits you with a giant spiked club!
* * * LOW HITPOINT WARNING * * *
The two-headed ogre completely misses you.
You draw a card...
It is Wild Magic.
Sand pours from the two-headed ogre's hands.
You feel a surge of magic. The two-headed ogre closely misses you.
The two-headed ogre hits you with a giant club!
You die...
Your body disappears without a glow.

.. #.. ###. ### #.#
_... #.## #.# ##..
#.##. #.# #((..
#....####(##
##8(.8##.##.....(.#
.........##.......#
#.)...O..(.†..#
#..)(@#.......# ##
#####(#####.)## ....
#(# #..# .....
#.#####.)##.....
#.##............
#.##........####
#.##............
######(##........####
#...................


You could see a two-headed ogre.

Vanquished Creatures
  A hippogriff (D:8)
  A centaur (D:7)
  An ogre (D:5)
  A big kobold (D:8)
  A crocodile (D:8)
  A scorpion (D:6)
  2 crimson imps (D:7)
  A bullfrog skeleton (D:4)
  4 hounds
  5 worker ants
  3 adders
  A shadow imp (D:8)
  2 adder skeletons (D:4)
  2 leopard geckos
  5 orcs
  2 bats
  2 giant cockroaches
  A hobgoblin (D:2)
  A jackal (D:8)
  A quokka (D:8)
  7 kobolds
  A rat (D:1)
46 creatures vanquished.

Vanquished Creatures (collateral kills)
  Duvessa (D:6)
  2 ogres
  A centaur (D:8)
  The ghost of Tiareth the Ducker, an amateur DEMo (D:3)
  Blork the orc (D:4)
  A bullfrog (D:6)
  Dowan (D:6)
  A crimson imp (D:8)
  A hound (D:8)
  An orc priest (D:5)
  A gnoll (D:5)
  A howler monkey skeleton (D:4)
  A leopard gecko (D:8)
  3 orcs
  A frilled lizard (D:4)
18 creatures vanquished.

Vanquished Creatures (others)
  A black bear (D:8)
  An ogre (D:5)
  2 orcs (D:5)
4 creatures vanquished.

Grand Total: 68 creatures vanquished

Notes
Turn   | Place    | Note
-------+----------+-------------------------------------------
     0 | D:1      | Iko the Troll Fighter began the quest for the Orb.
     0 | D:1      | Reached XP level 1. HP: 22/22 MP: 0/0
   115 | D:1      | Found a sparkling altar of Nemelex Xobeh.
   119 | D:1      | Became a worshipper of Nemelex Xobeh the Trickster
   278 | D:2      | Received a gift from Nemelex Xobeh
   411 | D:3      | Noticed Tiareth's ghost (amateur DEMo)
   419 | D:3      | Killed Tiareth's ghost
   419 | D:3      | Reached XP level 2. HP: 8/29 MP: 1/1
   419 | D:3      | Reached XP level 3. HP: 11/36 MP: 2/2
   516 | D:4      | Noticed an ogre
   521 | D:4      | Killed an ogre
   521 | D:4      | Reached XP level 4. HP: 44/44 MP: 3/3
   527 | D:4      | Reached skill level 1 in Maces & Flails
   596 | D:4      | Gained mutation: Your flesh is heat resistant. (rF+) [potion of mutation]
   596 | D:4      | Gained mutation: You have sharp toenails. [potion of mutation]
   596 | D:4      | Gained mutation: You have very sharp teeth. [potion of mutation]
   596 | D:4      | Gained mutation: Your muscles are strong. (Str +2) [potion of mutation]
   658 | D:4      | Reached XP level 5. HP: 53/53 MP: 4/4
   717 | D:4      | Noticed Blork the orc
   730 | D:4      | Killed Blork the orc
   749 | D:5      | Entered Level 5 of the Dungeon
   770 | D:5      | Reached XP level 6. HP: 47/61 MP: 5/5
   819 | D:5      | Noticed an insubstantial wisp
   819 | D:5      | Noticed an insubstantial wisp
   886 | D:6      | Found Kiqig's Weapon Shop.
   899 | D:6      | Found a shattered altar of Ashenzari.
   902 | D:6      | Received a gift from Nemelex Xobeh
   941 | D:6      | Found Liyjuj's Armour Shoppe.
  1019 | D:6      | Found Deneboeh's General Store.
  1027 | D:6      | Noticed Dowan
  1029 | D:6      | Noticed Duvessa
  1034 | D:6      | Killed Dowan
  1038 | D:6      | Killed Duvessa
  1038 | D:6      | Reached XP level 7. HP: 65/67 MP: 6/6
  1060 | D:6      | Found Hilar's Book Emporium.
  1095 | D:6      | Reached * piety under Nemelex Xobeh
  1193 | D:7      | Found Jepnuga's Jewellery Boutique.
  1252 | D:7      | Paralysed by fainting for 9 turns
  1554 | D:8      | Noticed a two-headed ogre
  1573 | D:7      | Reached skill level 5 in Dodging
  1615 | D:7      | Received a gift from Nemelex Xobeh
  1641 | D:8      | Reached XP level 8. HP: 75/75 MP: 7/7
  1690 | D:8      | Found a shimmering altar of Xom.
  1697 | D:8      | Reached skill level 1 in Invocations
  1700 | D:8      | Reached skill level 1 in Stealth
  1708 | D:8      | Noticed a hippogriff
  1720 | D:8      | Killed a hippogriff
  1720 | D:8      | Reached skill level 5 in Maces & Flails
  1737 | D:8      | Slain by a two-headed ogre

Skill      XL: |  1  2  3  4  5  6  7  8 |
---------------+-------------------------+-----
Dodging        | 3 4 5 |  5.3
Shields        | 3 4 |  4.3
Fighting       | 3 4 |  4.0
Maces & Flails | 1 3 4 5 |  5.3
Invocations    | 1 |  1.1
Stealth        | 1 |  1.0
Bows           | |  0.4
Throwing       | |  0.5
Unarmed Combat | |  2.1

Action                   |  1- 3 |  4- 6 |  7- 9 || total
-------------------------+-------+-------+-------++-------
Melee: Dagger            |    16 |       |       ||    16
       Mace              |    23 |    28 |       ||    51
       Whip              |     4 |       |       ||     4
       Kick              |       |    19 |    28 ||    47
       Flail             |       |    33 |   123 ||   156
       Bite              |       |     5 |    11 ||    16
 Fire: Shortbow          |       |       |     6 ||     6
Throw: Tomahawk          |       |     3 |       ||     3
Evoke: Deck              |     2 |     5 |     8 ||    15
  Use: Potion            |       |     6 |     1 ||     7
       Scroll            |       |     3 |     4 ||     7
 Stab: Petrified         |       |     3 |       ||     3
  Eat: Ration            |     1 |     1 |     2 ||     4
Armor: Robe              |     9 |    18 |    66 ||    93
Dodge: Dodged            |    18 |    21 |    65 ||   104
Block: Shield            |    22 |    32 |    57 ||   111
